[Event "28th Hit Open-A 2024"]
[Site "Nova Gorica"]
[Date "2024.02.02"]
[Round "9.23"]
[White "Barbir, Petar"]
[Black "Markocic, Tine"]
[Result "1/2-1/2"]
[ECO "B38"]
[WhiteElo "1738"]
[BlackElo "2055"]
[Annotator "NA RC"]
[PlyCount "30"]
[EventDate "2024.01.22"]
[EventType "swiss"]
[EventCountry "SLO"]
[SourceTitle "playchess.com"]
[Source "ChessBase"]
[SourceQuality "1"]
[TimeControl "5400+30"]

1. e4 c5 2. Nf3 Nc6 3. d4 cxd4 4. Nxd4 g6 5. c4 Bg7 6. Be3 Nf6 7. Nc3 O-O 8. Be2 d6 9. O-O Bd7 10. Nc2 a5 11. f3 Nb4 12. Nd4 Nc6 13. Ndb5 Ne5 14. Rc1 Rc8 15. Na7 Ra8 1/2-1/2

[Event "28th Hit Open-A 2024"]
[Site "Nova Gorica"]
[Date "2024.02.02"]
[Round "9.24"]
[White "Budai, Leonardo"]
[Black "Trybus, Daniel"]
[Result "1-0"]
[ECO "B07"]
[WhiteElo "1847"]
[BlackElo "2039"]
[Annotator "NA"]
[PlyCount "97"]
[EventDate "2024.01.22"]
[EventType "swiss"]
[EventCountry "SLO"]
[SourceTitle "playchess.com"]
[Source "ChessBase"]
[SourceQuality "1"]
[TimeControl "5400+30"]

1. e4 g6 2. d4 Bg7 3. Nc3 d6 4. Bg5 Nf6 5. Qd2 Na6 6. O-O-O O-O 7. Bh6 c5 8. Bxg7 Kxg7 9. Bxa6 bxa6 10. dxc5 Qa5 11. cxd6 Rd8 12. Qf4 e5 13. Qg3 Bg4 14. Nf3 Rac8 15. Qxe5 Qxe5 16. Nxe5 Bxd1 17. Rxd1 g5 18. Rd4 Nd7 19. Nxd7 Rxd7 20. e5 Re8 21. Re4 Kg6 22. g4 f6 23. exf6 Red8 24. Re7 Rxd6 25. Rxa7 Rxf6 26. Ne4 Re6 27. f3 Rf8 28. Nc5 Rc6 29. Rxa6 Rxa6 30. Nxa6 Rxf3 31. b4 h5 32. gxh5+ Kxh5 33. b5 Rf1+ 34. Kb2 Kh4 35. a4 Kh3 36. b6 Rf6 37. a5 Rf5 38. c4 Rf2+ 39. Kc3 Rf3+ 40. Kb4 g4 41. b7 Rf1 42. Kb5 Kxh2 43. b8=Q+ g3 44. Qh8+ Kg2 45. c5 Kf2 46. Qd4+ Kf3 47. c6 g2 48. c7 Rb1+ 49. Kc6 1-0

[Event "28th Hit Open-A 2024"]
[Site "Nova Gorica"]
[Date "2024.02.02"]
[Round "9.25"]
[White "Bazilius, Augustinas"]
[Black "Ivsek, Cveto"]
[Result "1-0"]
[ECO "E11"]
[WhiteElo "2030"]
[BlackElo "1711"]
[Annotator "NA"]
[PlyCount "93"]
[EventDate "2024.01.22"]
[EventType "swiss"]
[EventCountry "SLO"]
[SourceTitle "playchess.com"]
[Source "ChessBase"]
[SourceQuality "1"]
[TimeControl "5400+30"]

1. d4 d5 2. c4 e6 3. Nf3 Nf6 4. g3 c6 5. Bg2 Bb4+ 6. Bd2 Bxd2+ 7. Nbxd2 Nbd7 8. O-O O-O 9. Qc2 Re8 10. Rfd1 h6 11. e4 dxe4 12. Nxe4 Nxe4 13. Qxe4 Qf6 14. Ne5 a5 15. c5 Qf5 16. Qe2 Nf6 17. Nc4 Rd8 18. a4 Nd5 19. Qd2 Nb4 20. Qe2 Qc2 21. Rd2 Qf5 22. Be4 Qf6 23. Ne5 Nd5 24. Ra3 Qg5 25. h4 Qe7 26. Nc4 Nf6 27. Bg2 Qc7 28. Rd1 Bd7 29. Rf3 Be8 30. Qe1 Nd7 31. Rb3 Ra7 32. Rc1 Nf6 33. Nd6 Rd7 34. g4 Re7 35. g5 hxg5 36. hxg5 Nh7 37. f4 f5 38. Re3 Nf8 39. Nxf5 Rd7 40. Nd6 Rxd6 41. cxd6 Qxd6 42. f5 Qxd4 43. Qf2 Bd7 44. f6 gxf6 45. gxf6 Kf7 46. Qe2 Ng6 47. Rd1 1-0

[Event "28th Hit Open-A 2024"]
[Site "Nova Gorica"]
[Date "2024.02.02"]
[Round "9.26"]
[White "Zlatanovic, Srdjan"]
[Black "Kejzar, Petra"]
[Result "0-1"]
[ECO "D02"]
[WhiteElo "1675"]
[BlackElo "2025"]
[Annotator "NA"]
[PlyCount "60"]
[EventDate "2024.01.22"]
[EventType "swiss"]
[EventCountry "SLO"]
[SourceTitle "playchess.com"]
[Source "ChessBase"]
[SourceQuality "1"]
[TimeControl "5400+30"]

1. d4 d5 2. Nf3 e6 3. Bf4 Bd6 4. Bg3 Nf6 5. e3 O-O 6. c3 c5 7. a4 Qc7 8. Nbd2 Nbd7 9. Bd3 e5 10. dxe5 Nxe5 11. Nxe5 Bxe5 12. Nf3 Bxg3 13. hxg3 Bg4 14. Qb1 h6 15. Ng5 Qe5 16. Nf3 Qe7 17. Kf1 Rad8 18. Nd2 a6 19. a5 Rfe8 20. Ra4 c4 21. Bc2 Bd7 22. Rb4 Bb5 23. Ba4 d4 24. Nxc4 dxe3 25. Bc2 Bxc4+ 26. Rxc4 e2+ 27. Ke1 Rd1+ 28. Bxd1 exd1=Q+ 29. Kxd1 Qe2+ 30. Kc1 Qxc4 0-1

[Event "28th Hit Open-A 2024"]
[Site "Nova Gorica"]
[Date "2024.02.02"]
[Round "9.27"]
[White "Garsky, Vladyslav"]
[Black "Racnik, Tone"]
[Result "1-0"]
[ECO "B09"]
[WhiteElo "2186"]
[BlackElo "1849"]
[Annotator "ChessBase"]
[PlyCount "85"]
[EventDate "2024.01.22"]
[EventType "swiss"]
[EventCountry "SLO"]
[SourceTitle "playchess.com"]
[Source "ChessBase"]
[SourceQuality "1"]
[TimeControl "5400+30"]

1. e4 d6 2. d4 Nf6 3. Nc3 g6 4. f4 Bg7 5. Nf3 O-O 6. Bd3 Nc6 7. e5 dxe5 8. fxe5 Nh5 9. Be3 f6 10. exf6 exf6 11. Qd2 Bg4 12. O-O-O Bxf3 13. gxf3 f5 14. Bc4+ Kh8 15. Ne2 f4 16. Bf2 Qd6 17. Nc3 Qb4 18. Qd3 Rad8 19. Nd5 Qd6 20. Bh4 Rde8 21. c3 Na5 22. a3 c6 23. Nb4 Re3 24. Qf1 Nxc4 25. Qxc4 Rxf3 26. Nc2 Rh3 27. Bf2 f3 28. Qc5 Qb8 29. d5 cxd5 30. Nd4 Qf4+ 31. Kb1 Qe4+ 32. Ka1 Nf4 33. Qxa7 Ne2 34. Qxb7 Nxd4 35. Bxd4 Bxd4 36. Rxd4 Qe2 37. Qd7 Rh5 38. Qd6 Re8 39. Rf4 d4 40. Rf8+ Kg7 41. Qf6+ Kh6 42. Qf4+ Rg5 43. h4 1-0

[Event "28th Hit Open-A 2024"]
[Site "Nova Gorica"]
[Date "2024.02.02"]
[Round "9.28"]
[White "Caruso, Augusto"]
[Black "Novak, Rok"]
[Result "1-0"]
[ECO "B11"]
[WhiteElo "2159"]
[BlackElo "1777"]
[Annotator "ChessBase"]
[PlyCount "87"]
[EventDate "2024.01.22"]
[EventType "swiss"]
[EventCountry "SLO"]
[SourceTitle "playchess.com"]
[Source "ChessBase"]
[SourceQuality "1"]
[TimeControl "5400+30"]

1. e4 c6 2. Nf3 d5 3. Nc3 dxe4 4. Nxe4 Nf6 5. Qe2 Na6 6. Nxf6+ gxf6 7. d4 h5 8. Bd2 h4 9. Qe4 Qd5 10. Qxd5 cxd5 11. Bb5+ Bd7 12. Bxd7+ Kxd7 13. h3 Bh6 14. Be3 Nb4 15. Kd2 Bxe3+ 16. fxe3 Rag8 17. Rhg1 e6 18. Raf1 Nc6 19. Ne1 Rg6 20. Rf4 Ne7 21. b3 b5 22. e4 dxe4 23. Rxe4 Nf5 24. Rf4 Rhg8 25. Kd3 Ke7 26. Rgf1 Rd8 27. c4 bxc4+ 28. bxc4 Rg3+ 29. R1f3 Rgg8 30. Kc3 Rc8 31. c5 Rc7 32. Kc4 Nd6+ 33. Kd3 Nf5 34. Rxf5 exf5 35. Kc4 Rb8 36. Nd3 a5 37. d5 Rcb7 38. Re3+ Kd8 39. d6 f4 40. Re4 f5 41. Re5 Kd7 42. Kd5 Rb5 43. Re7+ Kd8 44. Ne5 1-0

[Event "28th Hit Open-A 2024"]
[Site "Nova Gorica"]
[Date "2024.02.02"]
[Round "9.29"]
[White "Mestek, Igor"]
[Black "Pagano, Sergio"]
[Result "0-1"]
[ECO "B11"]
[WhiteElo "2080"]
[BlackElo "1821"]
[Annotator "NA"]
[PlyCount "140"]
[EventDate "2024.01.22"]
[EventType "swiss"]
[EventCountry "SLO"]
[SourceTitle "playchess.com"]
[Source "ChessBase"]
[SourceQuality "1"]
[TimeControl "5400+30"]

1. e4 c6 2. Nf3 d5 3. Nc3 dxe4 4. Nxe4 Nf6 5. Qe2 Nxe4 6. Qxe4 Nd7 7. Bc4 Nf6 8. Ne5 e6 9. Qe2 Qd4 10. c3 Qe4 11. O-O Qxe2 12. Bxe2 Bd6 13. f4 Nd5 14. d4 f6 15. Nd3 b6 16. c4 Nb4 17. Ne1 e5 18. a3 Na6 19. fxe5 fxe5 20. Bh5+ g6 21. Bf3 Bb7 22. Nd3 exd4 23. Bg5 O-O 24. b4 Rf7 25. Bg4 Rxf1+ 26. Rxf1 Rf8 27. Bf6 Bc8 28. Bxc8 Rxc8 29. Bxd4 c5 30. bxc5 Nxc5 31. Ne5 Bxe5 32. Bxe5 Nd3 33. Bd6 Rxc4 34. Rf8+ Kg7 35. h3 Rd4 36. Rd8 Kf7 37. Rf8+ Ke6 38. Bb8 Ra4 39. Rh8 Rxa3 40. Rxh7 a6 41. Rg7 Kf6 42. Rb7 b5 43. Bd6 Ra1+ 44. Kh2 Ra2 45. Kg1 Ne1 46. g4 Nf3+ 47. Kf1 Ke6 48. Bg3 g5 49. Bc7 Kd5 50. Bd8 Kc4 51. Rf7 Nd2+ 52. Ke1 b4 53. Bxg5 Ne4 54. Rc7+ Kd3 55. Rd7+ Kc2 56. Bh6 Ra1+ 57. Ke2 Nc3+ 58. Kf3 Rf1+ 59. Ke3 Re1+ 60. Kf2 Rd1 61. Rb7 b3 62. Bg7 Rd3 63. h4 b2 64. Rxb2+ Kxb2 65. h5 a5 66. h6 a4 67. h7 Rh3 68. h8=Q Rxh8 69. Bxh8 a3 70. Ke3 Kc2 0-1

[Event "28th Hit Open-A 2024"]
[Site "Nova Gorica"]
[Date "2024.02.02"]
[Round "9.30"]
[White "Hozjan, Erik"]
[Black "Rigatti, Giorgio"]
[Result "1/2-1/2"]
[ECO "B20"]
[WhiteElo "1897"]
[BlackElo "1749"]
[Annotator "NA"]
[PlyCount "80"]
[EventDate "2024.01.22"]
[EventType "swiss"]
[EventCountry "SLO"]
[SourceTitle "playchess.com"]
[Source "ChessBase"]
[SourceQuality "1"]
[TimeControl "5400+30"]

1. e4 c5 2. Nc3 d6 3. Bc4 e6 4. Nge2 a6 5. a4 Nf6 6. d3 Nc6 7. O-O Be7 8. Ng3 Bd7 9. Ba2 Qc7 10. f4 h5 11. f5 h4 12. fxe6 fxe6 13. Nge2 h3 14. g3 Nh5 15. Nf4 Nxf4 16. Bxf4 O-O-O 17. Qd2 Nd4 18. Ne2 Nxe2+ 19. Qxe2 e5 20. Bd2 Kb8 21. Rf7 Bf6 22. Bd5 Qc8 23. b4 Bc6 24. b5 Bxd5 25. exd5 e4 26. Rb1 a5 27. dxe4 b6 28. Rf1 Rd7 29. R1xf6 gxf6 30. Rxf6 Re8 31. Qg4 Rde7 32. Qg6 Rg8 33. Qh6 Qg4 34. Rf8+ Kc7 35. Rxg8 Qd1+ 36. Kf2 Rf7+ 37. Bf4 Qxc2+ 38. Ke3 Qb3+ 39. Ke2 Qc2+ 40. Ke3 Qb3+ 1/2-1/2

[Event "28th Hit Open-A 2024"]
[Site "Nova Gorica"]
[Date "2024.02.02"]
[Round "9.31"]
[White "Mazzi, Leonardo"]
[Black "Kekic, Urban"]
[Result "1/2-1/2"]
[ECO "C42"]
[WhiteElo "1647"]
[BlackElo "1885"]
[Annotator "NA RC"]
[PlyCount "26"]
[EventDate "2024.01.22"]
[EventType "swiss"]
[EventCountry "SLO"]
[SourceTitle "playchess.com"]
[Source "ChessBase"]
[SourceQuality "1"]
[TimeControl "5400+30"]

1. e4 e5 2. Nf3 Nf6 3. Nxe5 d6 4. Nf3 Nxe4 5. d4 d5 6. Bd3 Bd6 7. Nbd2 Nxd2 8. Bxd2 Bg4 9. O-O O-O 10. Re1 Qf6 11. Be2 Bxf3 12. Bxf3 c6 13. Be3 Nd7 1/2-1/2

[Event "28th Hit Open-A 2024"]
[Site "Nova Gorica"]
[Date "2024.02.02"]
[Round "9.32"]
[White "Pagnutti, Lorenzo"]
[Black "Vodnik, Val"]
[Result "1-0"]
[ECO "C54"]
[WhiteElo "1859"]
[BlackElo "1661"]
[Annotator "NA"]
[PlyCount "79"]
[EventDate "2024.01.22"]
[EventType "swiss"]
[EventCountry "SLO"]
[SourceTitle "playchess.com"]
[Source "ChessBase"]
[SourceQuality "1"]
[TimeControl "5400+30"]

1. e4 e5 2. Nf3 Nc6 3. Bc4 Bc5 4. c3 Nf6 5. d3 d6 6. O-O a6 7. Bb3 Ba7 8. h3 h6 9. Re1 g5 10. Nh2 Rg8 11. Be3 g4 12. hxg4 Nxg4 13. Bxa7 Nxh2 14. Qh5 Qf6 15. Qxh2 Nxa7 16. Nd2 Bd7 17. Re3 O-O-O 18. Rf3 Qg5 19. Nf1 Be6 20. Bxe6+ fxe6 21. Re1 Nc6 22. Ree3 Rdf8 23. Rxf8+ Rxf8 24. Qh3 Kd7 25. Rg3 Qf6 26. Rf3 Qg7 27. Ne3 Ne7 28. Rxf8 Qxf8 29. Qh5 Ng8 30. g3 Qg7 31. Kg2 Nf6 32. Qd1 Qg8 33. c4 c6 34. Qh1 h5 35. Qh4 Qg6 36. f3 d5 37. b3 Kd6 38. Kf2 Qh6 39. cxd5 exd5 40. Nf5+ 1-0

[Event "28th Hit Open-A 2024"]
[Site "Nova Gorica"]
[Date "2024.02.02"]
[Round "9.33"]
[White "Belyaletdinov, Leonard"]
[Black "Tonel, Giulia"]
[Result "0-1"]
[ECO "A40"]
[WhiteElo "1581"]
[BlackElo "1851"]
[Annotator "NA"]
[PlyCount "86"]
[EventDate "2024.01.22"]
[EventType "swiss"]
[EventCountry "SLO"]
[SourceTitle "playchess.com"]
[Source "ChessBase"]
[SourceQuality "1"]
[TimeControl "5400+30"]

1. d4 g6 2. Nf3 Bg7 3. Bg5 c5 4. e3 Qb6 5. Nc3 Nc6 6. Nd5 Qa5+ 7. Qd2 Qxd2+ 8. Kxd2 Kd8 9. Bf4 cxd4 10. exd4 d6 11. c3 Nf6 12. Nxf6 Bxf6 13. Re1 h6 14. Bc4 Rh7 15. h4 a6 16. Rhg1 Bg4 17. Nh2 Bd7 18. Nf3 Rc8 19. Bd3 Rh8 20. g4 b5 21. g5 hxg5 22. hxg5 Bg7 23. d5 Na5 24. Rh1 Nc4+ 25. Bxc4 Rxc4 26. Rxh8+ Bxh8 27. Be3 Bg4 28. Nh2 Bh5 29. Nf1 Bf3 30. Bb6+ Kd7 31. Ne3 Rh4 32. Rg1 Be5 33. b3 Rh2 34. Ng4 Bf4+ 35. Kd3 Rh3 36. Be3 Bxd5 37. c4 bxc4+ 38. bxc4 Be6 39. Kd4 Bf5 40. c5 e5+ 41. Kd5 Be6+ 42. Ke4 d5+ 43. Kd3 d4 0-1

[Event "28th Hit Open-A 2024"]
[Site "Nova Gorica"]
[Date "2024.02.02"]
[Round "9.34"]
[White "Guid, Taja"]
[Black "Kukushkin, Ivan"]
[Result "0-1"]
[ECO "B23"]
[WhiteElo "1698"]
[BlackElo "1890"]
[Annotator "NA"]
[PlyCount "80"]
[EventDate "2024.01.22"]
[EventType "swiss"]
[EventCountry "SLO"]
[SourceTitle "playchess.com"]
[Source "ChessBase"]
[SourceQuality "1"]
[TimeControl "5400+30"]

1. e4 c5 2. Nc3 Nc6 3. Bb5 Nd4 4. Nf3 a6 5. Bd3 g6 6. Rb1 Bg7 7. a3 d6 8. Nxd4 cxd4 9. Ne2 Bd7 10. b4 e5 11. c3 dxc3 12. dxc3 Ne7 13. O-O O-O 14. c4 f5 15. f4 Bc6 16. Qc2 Rc8 17. fxe5 dxe5 18. exf5 gxf5 19. Bxf5 Nxf5 20. Rxf5 Rxf5 21. Qxf5 Qd1+ 22. Qf1 Qd3 23. Rb2 Rf8 24. Qe1 e4 25. Rd2 Qe3+ 26. Kh1 Bc3 27. Qg3+ Qxg3 28. Nxg3 Bxd2 29. Bxd2 Rd8 30. Nf1 Rxd2 31. Nxd2 e3 32. Nf3 Bxf3 33. Kg1 Be2 34. c5 Bb5 35. g4 Kf7 36. Kg2 Bc6+ 37. Kf1 Bf3 38. h3 Ke6 39. a4 Kd5 40. b5 axb5 0-1

[Event "28th Hit Open-A 2024"]
[Site "Nova Gorica"]
[Date "2024.02.02"]
[Round "9.35"]
[White "Trybus, Dominika"]
[Black "Horvath, Andras"]
[Result "0-1"]
[ECO "C45"]
[WhiteElo "1530"]
[BlackElo "1901"]
[Annotator "NA"]
[PlyCount "80"]
[EventDate "2024.01.22"]
[EventType "swiss"]
[EventCountry "SLO"]
[SourceTitle "playchess.com"]
[Source "ChessBase"]
[SourceQuality "1"]
[TimeControl "5400+30"]

1. e4 e5 2. Nf3 Nc6 3. d4 exd4 4. Nxd4 Bc5 5. Nb3 Bb6 6. Nc3 d6 7. Qe2 Be6 8. Be3 Nf6 9. f3 Qe7 10. O-O-O O-O-O 11. Nd4 Bd7 12. g4 Nxd4 13. Bxd4 Bc6 14. Bh3 Kb8 15. Bxb6 axb6 16. g5 Nd7 17. Bxd7 Qxg5+ 18. Kb1 Rxd7 19. Rhg1 Qe5 20. h4 h6 21. Nd5 Re8 22. Qg2 f5 23. c4 fxe4 24. Rge1 Bxd5 25. Rxd5 Qf6 26. Qg4 Rde7 27. fxe4 Qe6 28. Qf4 Rf7 29. Qg3 Ref8 30. b3 Rf2 31. Qxg7 Qh3 32. Qxh6 R8f3 33. Qh8+ Ka7 34. Qa1 Qxh4 35. Qd4 c5 36. Qd1 Qh2 37. Rd3 Rxa2 38. Re2 Rxe2 39. Rxf3 Rb2+ 40. Kc1 Ra2 0-1

[Event "28th Hit Open-A 2024"]
[Site "Nova Gorica"]
[Date "2024.02.02"]
[Round "9.36"]
[White "Gricnik, Tine"]
[Black "Gergolet, Jan"]
[Result "1/2-1/2"]
[ECO "A70"]
[WhiteElo "1758"]
[BlackElo "1632"]
[Annotator "NA"]
[PlyCount "89"]
[EventDate "2024.01.22"]
[EventType "swiss"]
[EventCountry "SLO"]
[SourceTitle "playchess.com"]
[Source "ChessBase"]
[SourceQuality "1"]
[TimeControl "5400+30"]

1. d4 Nf6 2. c4 c5 3. d5 e6 4. Nc3 exd5 5. cxd5 d6 6. Nf3 g6 7. e4 Bg7 8. Bd3 O-O 9. O-O Re8 10. Re1 a6 11. a4 Bg4 12. h3 Bxf3 13. Qxf3 Nbd7 14. Bf4 Ne5 15. Qe2 Nfd7 16. a5 Qc7 17. Bc4 Nxc4 18. Qxc4 Ne5 19. Bxe5 Bxe5 20. b4 Rac8 21. b5 Bxc3 22. b6 Qe7 23. Qxc3 Qe5 24. Qxe5 Rxe5 25. f4 Re7 26. e5 Rce8 27. Rac1 f6 28. e6 Rc8 29. Rc4 Kg7 30. Kf2 f5 31. g4 Kf6 32. Rg1 fxg4 33. hxg4 h5 34. gxh5 gxh5 35. Rg5 Rh8 36. Kg3 h4+ 37. Kh3 Rg7 38. Rxg7 Kxg7 39. Re4 Rc8 40. Kxh4 c4 41. Re2 c3 42. Rc2 Kf6 43. f5 Rc5 44. Re2 c2 45. e7 1/2-1/2

[Event "28th Hit Open-A 2024"]
[Site "Nova Gorica"]
[Date "2024.02.02"]
[Round "9.37"]
[White "Vicic, Mark"]
[Black "Beber, Anja"]
[Result "0-1"]
[ECO "A12"]
[WhiteElo "1729"]
[BlackElo "1606"]
[Annotator "NA RC"]
[PlyCount "36"]
[EventDate "2024.01.22"]
[EventType "swiss"]
[EventCountry "SLO"]
[SourceTitle "playchess.com"]
[Source "ChessBase"]
[SourceQuality "1"]
[TimeControl "5400+30"]

1. b3 d5 2. Bb2 Bf5 3. Nf3 e6 4. g3 h6 5. Bg2 Nf6 6. O-O Nbd7 7. c4 c6 8. d3 Bd6 9. cxd5 cxd5 10. e4 Bg4 11. h3 Bxf3 12. Bxf3 O-O 13. Re1 dxe4 14. dxe4 Be5 15. Nc3 Qa5 16. Na4 b5 17. Bxe5 Nxe5 18. Bg2 Rad8 0-1

[Event "28th Hit Open-A 2024"]
[Site "Nova Gorica"]
[Date "2024.02.02"]
[Round "9.38"]
[White "Petrosino, Germano"]
[Black "Milicevic, Zoran"]
[Result "1-0"]
[ECO "D21"]
[WhiteElo "1715"]
[BlackElo "1550"]
[Annotator "NA"]
[PlyCount "63"]
[EventDate "2024.01.22"]
[EventType "swiss"]
[EventCountry "SLO"]
[SourceTitle "playchess.com"]
[Source "ChessBase"]
[SourceQuality "1"]
[TimeControl "5400+30"]

1. d4 d5 2. c4 dxc4 3. e4 g6 4. Bxc4 Bg7 5. Nf3 e6 6. O-O Ne7 7. Nc3 O-O 8. Bg5 a6 9. a4 b6 10. Qe2 Bb7 11. Rfd1 Re8 12. Rac1 c6 13. e5 b5 14. Bb3 Qb6 15. Bxe7 Rxe7 16. Ne4 Rd7 17. Nc5 Rd8 18. a5 Qc7 19. Ng5 Bc8 20. Qf3 Qe7 21. Nce4 h6 22. Nf6+ Bxf6 23. exf6 Qb4 24. Ne4 Rxd4 25. Rxd4 Qxd4 26. Rd1 Qb4 27. Rd8+ Kh7 28. Qe3 g5 29. Nxg5+ Kg6 30. Ne4 Nd7 31. Rg8+ Kf5 32. g4+ 1-0

[Event "28th Hit Open-A 2024"]
[Site "Nova Gorica"]
[Date "2024.02.02"]
[Round "9.39"]
[White "Cokan, Mirko"]
[Black "Zlatanovic, Marcus"]
[Result "0-1"]
[ECO "B20"]
[WhiteElo "1614"]
[BlackElo "1745"]
[Annotator "NA"]
[PlyCount "84"]
[EventDate "2024.01.22"]
[EventType "swiss"]
[EventCountry "SLO"]
[SourceTitle "playchess.com"]
[Source "ChessBase"]
[SourceQuality "1"]
[TimeControl "5400+30"]

1. e4 c5 2. a3 Nc6 3. b4 cxb4 4. axb4 Nxb4 5. c3 Nc6 6. d4 d5 7. exd5 Qxd5 8. Na3 e6 9. Nb5 Bd6 10. c4 Qe4+ 11. Be2 Bb8 12. Nf3 Nge7 13. O-O O-O 14. Bd3 Qg4 15. Bxh7+ Kh8 16. Bd3 Bd7 17. Be2 Qg6 18. Re1 a6 19. Bd3 Qh5 20. c5 Bxh2+ 21. Kf1 axb5 22. Rb1 e5 23. Be2 Bf4 24. Bxf4 exf4 25. Kg1 Bg4 26. Rb3 Rad8 27. Qc1 Nd5 28. Nh2 f3 29. Bxf3 Bxf3 30. Rxf3 Qg6 31. Rg3 Qf6 32. Qd1 Nce7 33. Re4 Ng6 34. Qh5+ Kg8 35. Rh3 Rfe8 36. Rxe8+ Rxe8 37. Qxd5 Nf4 38. Qf3 Nxh3+ 39. Qxh3 Qxd4 40. Nf3 Qxc5 41. Qh4 Qc1+ 42. Kh2 Qh6 0-1

[Event "28th Hit Open-A 2024"]
[Site "Nova Gorica"]
[Date "2024.02.02"]
[Round "9.40"]
[White "Mulec, Dejan"]
[Black "Bajec, Borut"]
[Result "0-1"]
[ECO "D00"]
[WhiteElo "1577"]
[BlackElo "1703"]
[Annotator "NA"]
[PlyCount "57"]
[EventDate "2024.01.22"]
[EventType "swiss"]
[EventCountry "SLO"]
[SourceTitle "playchess.com"]
[Source "ChessBase"]
[SourceQuality "1"]
[TimeControl "5400+30"]

1. d4 d5 2. Nc3 e6 3. Bf4 Nf6 4. Nb5 Na6 5. e3 Be7 6. Nf3 O-O 7. Ne5 c6 8. Nc3 Nb8 9. Bd3 Nbd7 10. Qf3 Re8 11. g4 Nf8 12. g5 N6d7 13. Nxf7 Qb6 14. Rb1 Ng6 15. Qh5 Kxf7 16. Qxh7 Ndf8 17. Qh5 Qd8 18. Rg1 Bd6 19. Be5 c5 20. Rg3 Bxe5 21. dxe5 Ke7 22. Bxg6 Nxg6 23. Qxg6 Kd7 24. Nxd5 Kc6 25. Rd1 Bd7 26. Nc3 Rc8 27. Qe4+ Kc7 28. Qd3 Re7 29. Qd6# 0-1

[Event "28th Hit Open-A 2024"]
[Site "Nova Gorica"]
[Date "2024.02.02"]
[Round "9.41"]
[White "Mihelj, Edvard"]
[Black "Cortese, Lina"]
[Result "0-1"]
[ECO "C00"]
[WhiteElo "1618"]
[BlackElo "1582"]
[Annotator "NA"]
[PlyCount "86"]
[EventDate "2024.01.22"]
[EventType "swiss"]
[EventCountry "SLO"]
[SourceTitle "playchess.com"]
[Source "ChessBase"]
[SourceQuality "1"]
[TimeControl "5400+30"]

1. e4 e6 2. Bc4 d5 3. exd5 exd5 4. Bb3 Nf6 5. h3 c5 6. d3 Nc6 7. c3 h6 8. Ne2 Bd6 9. Bf4 O-O 10. Bxd6 Qxd6 11. O-O Re8 12. Ng3 Bd7 13. Nd2 Rad8 14. Bc2 Qf4 15. Nf3 Ne5 16. Nh2 Bc6 17. Qc1 Qxc1 18. Raxc1 d4 19. c4 Ng6 20. Rce1 Nf4 21. f3 Nd7 22. Ng4 h5 23. Nf2 Ne5 24. Nge4 b6 25. Kh2 h4 26. Rd1 Ne2 27. Nh1 f5 28. Ng5 f4 29. Ne4 Bxe4 30. fxe4 g5 31. Nf2 Ng3 32. Rfe1 Kg7 33. Rd2 f3 34. Ng4 fxg2 35. Kxg2 Nxg4 36. hxg4 Rf8 37. Bd1 Rde8 38. Bf3 Re5 39. Rf2 Kg6 40. a3 Kg7 41. Rc1 Re7 42. b4 Ref7 43. Rcc2 Nh1 0-1

[Event "28th Hit Open-A 2024"]
[Site "Nova Gorica"]
[Date "2024.02.02"]
[Round "9.42"]
[White "Petrovcic, Cvetko"]
[Black "Gratton, Damjan"]
[Result "0-1"]
[ECO "C29"]
[WhiteElo "1611"]
[BlackElo "1691"]
[Annotator "NA"]
[PlyCount "31"]
[EventDate "2024.01.22"]
[EventType "swiss"]
[EventCountry "SLO"]
[SourceTitle "playchess.com"]
[Source "ChessBase"]
[SourceQuality "1"]
[TimeControl "5400+30"]

1. e4 d6 2. f4 Nf6 3. Nc3 e5 4. f5 c6 5. Nf3 Nbd7 6. d3 d5 7. Bg5 d4 8. Ne2 Qa5+ 9. Bd2 Bb4 10. h3 O-O 11. g4 c5 12. a3 Bxd2+ 13. Nxd2 c4 14. b4 cxb3 15. cxb3 Nc5 16. b4 0-1